 Dungeon Crawl Stone Soup version 0.29.1-1-gd02db6906a (webtiles) character file.

Game seed: 3908573436214776467

3348 safid the Skirmisher (level 9, -1/75 HPs)
             Began as a Minotaur Hunter on Oct 21, 2022.
             Was a Believer of Okawaru.
             Slain by a six-headed hydra (6 damage)
             ... on level 7 of the Dungeon.
             The game lasted 00:11:19 (7119 turns).

safid the Skirmisher (Minotaur Hunter)              Turns: 7119, Time: 00:11:22

Health: -1/75      AC:  8    Str: 16    XL:     9   Next: 72%
Magic:  2/8        EV: 11    Int:  6    God:    Okawaru [**....]
Gold:   310        SH:  5    Dex: 20    Spells: 6/8 levels left

rFire   + . .      SeeInvis .   F - +4 sling of Circularity {venom, Drain rElec rPois rC++ Dex+2}
rCold   + + .      Faith    .   (no shield)
rNeg    . . .      Spirit   .   e - +0 ring mail
rPois   +          Reflect  +   (helmet restricted)
rElec   +          Harm     .   q - +0 cloak
rCorr   .          Rampage  .   A - +0 pair of gloves
Will    .....                   (no boots)
Stlth   +.........              h - amulet of reflection
HPRegen 0.22/turn               j - +4 ring of slaying
MPRegen 0.11/turn               u - +4 ring of slaying

@: no status effects
A: horns 2, retaliatory headbutt, fire resistance 1, electricity resistance,
MP-powered wands
a: Renounce Religion, Heroism


You were on level 7 of the Dungeon.
You worshipped Okawaru.
Okawaru was pleased with you.
You visited 1 branch of the dungeon, and saw 7 of its levels.

You collected 310 gold pieces.

Inventory:

Hand Weapons
 a - a +0 shortbow
 F - the +4 sling of Circularity (weapon) {venom, Drain rElec rPois rC++ Dex+2}
   (You found it on level 7 of the Dungeon)

   Any ammunition fired from it poisons the flesh of those it strikes.
   Dex:       It affects your dexterity (+2).
   rC:        It greatly protects you from cold.
   rElec:     It insulates you from electricity.
   rPois:     It protects you from poison.
   Drain:     It drains your maximum health when unequipped.
Missiles
 s - 6 curare-tipped darts
Armour
 e - a +0 ring mail (worn)
 q - a +0 cloak (worn)
 A - a +0 pair of gloves (worn)
Jewellery
 h - an amulet of reflection (around neck)
 j - a +4 ring of slaying (left hand)
 m - a ring of fire
 t - a ring of resist corrosion
 u - a +4 ring of slaying (right hand)
 C - a +6 ring of intelligence
Wands
 D - a wand of iceblast (2)
Scrolls
 b - a scroll of summoning {unknown}
 c - a scroll of vulnerability {unknown}
 d - a scroll of silence {unknown}
 l - 2 scrolls of teleportation {unknown}
 n - 2 scrolls of fear {unknown}
 o - 11 scrolls of identify {unknown}
 p - 2 scrolls of enchant armour {unknown}
 r - a scroll of torment {unknown}
 y - a scroll of magic mapping {unknown}
 B - a scroll of noise {unknown}
Potions
 f - a potion of mutation
 g - 2 potions of flight {unknown}
 i - 3 potions of curing
 k - a potion of cancellation {unknown}
 v - a potion of magic {unknown}
 w - 2 potions of attraction
 x - 2 potions of degeneration {unknown}
 z - a potion of invisibility {unknown}
 E - a potion of brilliance {unknown}


   Skills:
 - Level 6.0 Fighting
 + Level 13.6 Ranged Weapons
 - Level 6.0 Armour
 - Level 2.1 Dodging
 - Level 0.7 Stealth


You had 6 spell levels left.
You knew the following spells:

 Your Spells              Type           Power      Damage    Failure   Level
a - Blink                 Tloc           0%         N/A       78%         2

Your spell library contained the following spells:

 Spells                   Type           Power      Damage    Failure   Level
 Manifold Assault         Tloc           0%         N/A       100%        5
 Storm Form               Tmut/Air       0%         N/A       100%        7
 Chain Lightning          Conj/Air       0%         N/A       100%        9
 Fire Storm               Conj/Fire      0%         5d1       100%        9
 Shatter                  Erth           0%         3d5*      100%        9


Dungeon Overview and Level Annotations

Branches:
Dungeon (7/15)             Temple (0/1) D:7

Altars:
Fedhas
Gozag
Hepliaklqana
Kikubaaqudgha
Makhleb
Okawaru
Ru

Shops:
D:5 *   D:7 :

Annotations:
D:3 3 runed translucent doors, safid's ghost, amateur MiHu


Innate Abilities, Weirdness & Mutations

You have a pair of horns on your head.
You reflexively headbutt those who attack you in melee.
Your flesh is heat resistant. (rF+)
You are resistant to electric shocks. (rElec)
You expend magic power (3 MP) to strengthen your wands.


Message History

The six-headed hydra bites you but does no damage.
The six-headed hydra barely misses you. The six-headed hydra bites you!
The six-headed hydra bites you but does no damage.
The six-headed hydra bites you.
Aiming: Iceblast
Press: ? - help, Shift-Dir - straight line, p - six-headed hydra You feel a surge of power!
The mass of ice explodes!
The iceblast engulfs the six-headed hydra!
The six-headed hydra is moderately wounded.
The six-headed hydra misses you.
The six-headed hydra closely misses you.
The six-headed hydra bites you. The six-headed hydra bites you!
The six-headed hydra closely misses you.
You block the six-headed hydra's attack.
Aiming: Iceblast
Press: ? - help, Shift-Dir - straight line You feel a slight surge of power.
The mass of ice explodes!
The iceblast engulfs the six-headed hydra.
The six-headed hydra is heavily wounded.
The iceblast engulfs something.
The six-headed hydra bites you. The six-headed hydra bites you!
* * * LOW HITPOINT WARNING * * *
The six-headed hydra bites you.
* * * LOW HITPOINT WARNING * * *
The six-headed hydra bites you but does no damage.
The six-headed hydra barely misses you. x2
Unknown command.
Okay, then.
Fire: F) +4 sling of Circularity {venom, Drain rElec rPois rC++ Dex+2}
Press: ? - help, Q - select action, (/) - cycle Shift-Dir - straight line, f - six-headed hydra
Aim: a six-headed hydra (heavily wounded, 87% to hit)
You shoot a sling bullet.
The sling bullet hits the six-headed hydra.
The six-headed hydra is heavily wounded.
The six-headed hydra bites you.
* * * LOW HITPOINT WARNING * * *
The six-headed hydra bites you!
* * * LOW HITPOINT WARNING * * *
The six-headed hydra barely misses you. The six-headed hydra bites you.
You die...

....###........#.#>#.##.##......#
...## #.#####..###.#.##.##.#..#.#
...# #..........#....#....#....#
...# #.#...####.########.)##.###
...# #................)).....#
..## ....########..########## ..#
#...#(.('..#..# ..# ...
#$)$#D.#..# .... #!. #@.#..# ...
#####..#..# #......#..#
#......#..# #..#####..#####..
#......#..#oo....
#......#..#..o...
#####..#..#.K####
#......#..#...z.


You could see a six-headed hydra, a kobold brigand and an orc wizard.

Vanquished Creatures
  A hydra (D:7)
  An ugly thing (D:7)
  Grinder (D:4)
  A water moccasin (D:6)
  An ice beast (D:5)
  3 orc warriors (D:7)
  A black bear (D:3)
  A sky beast (D:7)
  2 phantoms
  A centaur (D:6)
  3 bullfrogs
  3 scorpions
  3 wights (D:7)
  A jelly (D:6)
  3 howler monkeys (D:7)
  3 hounds
  2 orc priests (D:4)
  A gnoll bouda (D:7)
  2 iguanas (D:5)
  5 orc wizards
  7 gnolls
  8 adders
  A shadow imp (D:7)
  2 white imps
  3 ufetubi
  A worm (D:4)
  2 dart slugs (D:1)
  13 orcs
  8 endoplasms
  6 giant cockroaches
  7 goblins
  9 hobgoblins
  2 quokkas
  4 ball pythons
  4 bats
  4 frilled lizards
  4 kobolds
  3 rats
127 creatures vanquished.

Vanquished Creatures (others)
  5 plants (D:2)
  6 withered plants (D:4)
11 creatures vanquished.

Grand Total: 138 creatures vanquished

Notes
Turn   | Place    | Note
-------+----------+-------------------------------------------
     0 | D:1      | safid the Minotaur Hunter began the quest for the Orb.
     0 | D:1      | Reached XP level 1. HP: 18/18 MP: 0/0
    65 | D:1      | Reached XP level 2. HP: 25/25 MP: 1/1
   239 | D:1      | Reached skill level 5 in Ranged Weapons
   547 | D:1      | Reached XP level 3. HP: 30/31 MP: 2/2
   840 | D:2      | Reached skill level 1 in Armour
  1424 | D:2      | Found a faded altar of an unknown god.
  1696 | D:3      | Reached XP level 4. HP: 38/38 MP: 3/3
  1870 | D:3      | You fall into a shaft and drop 3 floors!
  1871 | D:6      | Noticed a water moccasin
  1877 | D:6      | Killed a water moccasin
  1878 | D:6      | Reached XP level 5. HP: 21/46 MP: 4/4
  1878 | D:6      | Gained mutation: You are resistant to electric shocks.
                  | (rElec) [potion of mutation]
  1878 | D:6      | Gained mutation: Your flesh is heat resistant. (rF+)
                  | [potion of mutation]
  1878 | D:6      | Gained mutation: You expend magic power (3 MP) to
                  | strengthen your wands. [potion of mutation]
  2211 | D:5      | Entered Level 5 of the Dungeon
  2233 | D:5      | Found Facecs's General Store.
  2245 | D:4      | Noticed a black bear
  2332 | D:3      | Found a runed translucent gate.
  2333 | D:3      | Found a runed translucent gate.
  2333 | D:3      | Found an opulent altar of Gozag.
  2334 | D:3      | Found a runed translucent gate.
  2336 | D:3      | Noticed safid's ghost (amateur MiHu)
  2660 | D:3      | Found a sacrificial altar of Ru.
  2741 | D:4      | Noticed Grinder
  2747 | D:3      | Killed a black bear
  2748 | D:3      | Reached skill level 6 in Ranged Weapons
  2748 | D:3      | Reached XP level 6. HP: 40/55 MP: 5/5
  2863 | D:4      | HP: 2/55 [Grinder (6)]
  2866 | D:4      | Paralysed by Grinder for 3 turns
  2871 | D:4      | Killed Grinder
  2872 | D:4      | Reached skill level 5 in Fighting
  3242 | D:4      | Found a burning altar of Makhleb.
  3449 | D:4      | Reached XP level 7. HP: 57/61 MP: 6/6
  3793 | D:4      | Found an ancient bone altar of Kikubaaqudgha.
  3995 | D:5      | Found a hazy altar of Hepliaklqana.
  4008 | D:4      | Reached skill level 7 in Ranged Weapons
  4008 | D:4      | Reached skill level 5 in Armour
  4758 | D:5      | Found an iron altar of Okawaru.
  4768 | D:5      | Reached skill level 8 in Ranged Weapons
  4775 | D:5      | Became a worshipper of Warmaster Okawaru
  4914 | D:5      | Reached XP level 8. HP: 70/70 MP: 7/7
  5275 | D:5      | Learned a level 2 spell: Blink
  5623 | D:6      | Reached skill level 9 in Ranged Weapons
  6335 | D:7      | Found a blossoming altar of Fedhas.
  6340 | D:7      | Reached skill level 10 in Ranged Weapons
  6368 | D:7      | Found Vecosch Toutt's Book Emporium.
  6413 | D:7      | Found a staircase to the Ecumenical Temple.
  6436 | D:7      | Noticed a five-headed hydra
  6520 | D:7      | Killed a five-headed hydra
  6520 | D:7      | Reached * piety under Okawaru
  6521 | D:7      | Reached skill level 11 in Ranged Weapons
  6521 | D:7      | Reached XP level 9. HP: 44/75 MP: 0/8
  6745 | D:7      | Reached skill level 12 in Ranged Weapons
  6900 | D:7      | Identified the +4 sling of Circularity {venom, Drain rElec
                  | rPois rC++ Dex+2}
  6926 | D:7      | Noticed a green ugly thing
  6942 | D:7      | Reached ** piety under Okawaru
  6970 | D:7      | Killed a green ugly thing
  6971 | D:7      | Reached skill level 13 in Ranged Weapons
  7112 | D:7      | Noticed a six-headed hydra
  7119 | D:7      | Slain by a six-headed hydra

Illustrated notes

Levels and vault maps discovered:
D:1:      saegor_arrival_under_anarchy, layout_basic, minmay_tall_x
D:2:      cheibrodos_helix_gallery, layout_loops_ring,
          dilly_ecumenical_altar_fadedgnrine
D:3:      layout_basic, nicolae_ru_the_path_less_chosen, ebering_ghost_gozag
D:4:      layout_loops_cross, kiku_gazebo_garden_becter,
          mainiacjoe_overflow_chevrons, gup_sewer_entry_spiral, uniq_grinder
D:5:      layout_rooms, overflow_temple_1_default, okawaru_gym_becter,
          serial_corexii_hall, corexii_hall_statues_s, corexii_hall_statues_u,
          corexii_hall_statues_l, chequers_hall_statues_wall_a,
          chequers_hall_statues_y, chequers_hall_statues_y, serial_shops, shop,
          water_maze_lemuel
D:6:      layout_basic
D:7:      kennysheep_windowed_halls, layout_basic, fedhas_altar_1,
          minmay_temple_entry_slanted, serial_shops, nicolae_shop_crystal,
          kennysheep_decorative_pillar

Skill      XL: |  1  2  3  4  5  6  7  8  9 |
---------------+----------------------------+-----
Fighting       | 3 4 5 6 |  6.0
Ranged Weapons | 5 6 8 11 13 | 13.6
Armour         | 1 2 3 4 6 |  6.0
Dodging        | |  2.1
Stealth        | |  0.7

Action                   |  1- 3 |  4- 6 |  7- 9 || total
-------------------------+-------+-------+-------++-------
 Fire: Shortbow          |   121 |    68 |   203 ||   392
       Sling             |       |       |    31 ||    31
Evoke: Wand              |       |       |     6 ||     6
  Use: Potion            |       |     4 |     1 ||     5
Armor: Ring mail         |    23 |    16 |    39 ||    78
       Leather armour    |     1 |       |       ||     1
       Skin              |       |     3 |     5 ||     8
Dodge: Dodged            |    53 |    16 |    38 ||   107
Block: Other             |     9 |     9 |    19 ||    37
       Reflection        |       |       |     2 ||     2
